 Dungeon Crawl Stone Soup version 0.29-a0-2-g12fcac58f8 (webtiles) character file.

Game seed: 404583358612193775

1088 frimble the Cutter (level 8, -7/58 HPs)
             Began as a Demonspawn Warper on Jan 27, 2022.
             Killed by divine providence
             ... invoked by an orc priest
              (17 damage)
             ... on level 6 of the Dungeon.
             The game lasted 00:06:00 (6081 turns).

frimble the Cutter (Demonspawn Warper)              Turns: 6081, Time: 00:06:00

Health: -7/58      AC: 14    Str: 15    XL:     8   Next: 9%
Magic:  11/11      EV:  9    Int: 14    God:
Gold:   259        SH:  0    Dex: 15    Spells: 9/11 levels left

rFire   . . .      SeeInvis .   b - +10 hunting sling of Governance {vorpal, Fly Dex+3}
rCold   . . .      Faith    .   (no shield)
rNeg    . . .      Spirit   .   o - +0 scale mail
rPois   .          Reflect  .   n - +0 helmet
rElec   .          Harm     .   w - +0 cloak
rCorr   .          Rampage  .   (no gloves)
Will    .....                   s - +2 pair of boots
Stlth   ..........              (no amulet)
HPRegen 0.19/turn               (no ring)
MPRegen 0.12/turn               (no ring)

@: flying
A: thin metallic scales 2, powered by pain 1, spiny 2
a: no special abilities


You were on level 6 of the Dungeon.
You visited 1 branch of the dungeon, and saw 6 of its levels.

You collected 259 gold pieces.

Inventory:

Hand Weapons
 a - a +0 dagger of venom
 b - the +10 hunting sling of Governance (weapon) {vorpal, Fly Dex+3}
   (You found it on level 4 of the Dungeon)

   Any ammunition fired from it inflicts extra damage upon your enemies.
   Dex:       It affects your dexterity (+3).
   Fly:       It grants you flight.
 h - a +0 short sword
Missiles
 d - 5 boomerangs of dispersal
 e - 2 curare-tipped darts
 x - 98 stones (quivered ammo)
Armour
 n - a +0 helmet (worn)
 o - a +0 scale mail (worn)
 r - a +0 leather armour
 s - a +2 pair of boots (worn)
 w - a +0 cloak (worn)
Jewellery
 v - a ring of positive energy
Wands
 t - a wand of iceblast (8)
 A - a wand of acid (13)
Scrolls
 c - 2 scrolls of blinking
 f - 8 scrolls of identify {unknown}
 i - a scroll of brand weapon {unknown}
 k - a scroll of magic mapping {unknown}
 l - a scroll of teleportation {unknown}
 m - a scroll of summoning {unknown}
 q - a scroll of torment {unknown}
 y - a scroll of vulnerability {unknown}
 z - a scroll of noise {unknown}
 B - a scroll of enchant armour {unknown}
 C - a scroll of fear {unknown}
Potions
 g - 4 potions of mutation {unknown}
 j - 2 potions of heal wounds {unknown}
 p - 2 potions of might {unknown}
 u - a potion of ambrosia {unknown}
 D - a potion of brilliance {unknown}


   Skills:
 + Level 3.3 Fighting
 - Level 7.2 Short Blades
 + Level 4.2(4.3) Slings
 - Level 0.8(2.7) Throwing
 - Level 0.8 Armour
 - Level 1.7 Dodging
 - Level 2.0 Spellcasting
 - Level 2.6 Translocations


You had 9 spell levels left.
You knew the following spells:

 Your Spells              Type           Power      Damage    Failure   Level
a - Blink                 Tloc           16%        N/A       43%         2

Your spell library contained the following spells:

 Spells                   Type           Power      Damage    Failure   Level
 Beastly Appendage        Tmut           2%         N/A       67%         1
 Gell's Gravitas          Tloc           8%         N/A       67%         3
 Lesser Beckoning         Tloc           8%         N/A       67%         3
 Teleport Other           Tloc           8%         N/A       67%         3
 Wereblood                Tmut           1%         N/A       82%         2
 Spider Form              Tmut/Pois      1%         N/A       96%         3
 Manifold Assault         Tloc           8%         N/A       100%        5


Dungeon Overview and Level Annotations

Branches:
Dungeon (6/15)             Temple (0/1) D:6

Altars:
Elyvilon
Hepliaklqana

Shops:
D:4 [

Annotations:
D:4 diggie


Innate Abilities, Weirdness & Mutations

You are mostly covered in thin metallic scales. (AC +3)
You sometimes gain a little power by taking damage.
You are mostly covered in sharp spines.


Message History

The orc priest shouts!
You hear a shout!
Fire: 104 stones
Press: ? - help, Q - select action, (/) - cycle Shift-Dir - straight line, f/p - orc priest
Aim: an orc priest, wielding a +0 battleaxe and wearing a +0 leather armour (71% to hit)
You shoot a stone.
The stone closely misses the orc priest.
Fire: 103 stones
Press: ? - help, Q - select action, (/) - cycle Shift-Dir - straight line, f/p - orc priest
Aim: an orc priest, wielding a +0 battleaxe and wearing a +0 leather armour (71% to hit)
You shoot a stone. The stone hits the orc priest!
The orc priest is severely wounded.
An orc comes into view. It is wielding a +0 club.
The orc priest mumbles some strange prayers to Beogh against you.
Beogh smites you!
* * * LOW HITPOINT WARNING * * *
Fire: 102 stones
Press: ? - help, Q - select action, (/) - cycle Shift-Dir - straight line, f/p - orc priest
Aim: an orc priest, wielding a +0 battleaxe and wearing a +0 leather armour (severely wounded, 71% to hit)
You shoot a stone. The stone barely misses the orc priest.
Fire: 101 stones
Press: ? - help, Q - select action, (/) - cycle Shift-Dir - straight line, f/p - orc priest
Aim: an orc priest, wielding a +0 battleaxe and wearing a +0 leather armour (severely wounded, 71% to hit)
You shoot a stone. The stone barely misses the orc priest.
The stone hits the orc!
You kill the orc!
Fire: 100 stones
Press: ? - help, Q - select action, (/) - cycle Shift-Dir - straight line, f/p - orc priest
Aim: an orc priest, wielding a +0 battleaxe and wearing a +0 leather armour (severely wounded, 71% to hit)
You shoot a stone. The stone hits the orc priest.
The orc priest is almost dead.
Fire: 99 stones
Press: ? - help, Q - select action, (/) - cycle Shift-Dir - straight line, f/p - orc priest
Aim: an orc priest, wielding a +0 battleaxe and wearing a +0 leather armour (almost dead, 71% to hit)
You shoot a stone.
The stone completely misses the orc priest.
An orc comes into view. It is wielding a +2 vampiric whip.
The orc priest mumbles some strange prayers to Beogh against you.
Beogh smites you!
You die...

#..). #.# ..(.o. #[#
## # ##(((. +.. . ..
.((. #.#.# ... #.)#
#.#.## #... #((#
#....
#....###o(######.#.#
..........)))..#.#.#
#......@.(#####....#
..........# #....#
..........+ #..###
...?.###### ##.#
#.#.. ..#####..#
.... .........# ###
########.# ...####.#
........###


You could see an orc priest and an orc (wandering).

Vanquished Creatures
  Duvessa (D:5)
  A black bear (D:5)
  An ice beast (D:5)
  An orc warrior (D:6)
  A phantom (D:3)
  Dowan (D:5)
  2 jellies (D:5)
  4 orc priests
  A hound (D:4)
  Crazy Yiuf (D:2)
  2 bullfrog skeletons
  Jessica (D:2)
  An iguana (D:6)
  3 orc wizards
  A hound skeleton (D:4)
  A howler monkey skeleton (D:5)
  5 adders
  A white imp (D:6)
  2 dart slugs
  13 orcs
  7 ball pythons
  4 endoplasms (D:1)
  4 giant cockroaches
  8 goblins
  12 hobgoblins
  4 kobolds
  4 quokkas
  3 bats
  5 frilled lizards
  A quokka skeleton (D:4)
  6 rats
102 creatures vanquished.

Vanquished Creatures (others)
  A plant (D:1)
1 creature vanquished.

Grand Total: 103 creatures vanquished

Notes
Turn   | Place    | Note
-------+----------+-------------------------------------------
     0 | D:1      | frimble the Demonspawn Warper began the quest for the Orb.
     0 | D:1      | Reached XP level 1. HP: 16/16 MP: 3/3
    30 | D:1      | Reached skill level 2 in Short Blades
   103 | D:1      | Found a faded altar of an unknown god.
   210 | D:1      | Gained mutation: You are partially covered in sharp spines.
                  | [demonic ancestry]
   210 | D:1      | Reached XP level 2. HP: 17/22 MP: 5/5
   462 | D:1      | Reached skill level 3 in Short Blades
   661 | D:1      | Reached XP level 3. HP: 27/27 MP: 6/6
  1394 | D:2      | Noticed Jessica
  1400 | D:2      | Killed Jessica
  1401 | D:2      | Reached skill level 4 in Short Blades
  1401 | D:2      | Gained mutation: You are partially covered in thin metallic
                  | scales. (AC +2) [demonic ancestry]
  1401 | D:2      | Reached XP level 4. HP: 11/33 MP: 7/7
  1888 | D:2      | Found a runed translucent door.
  1889 | D:2      | Noticed Crazy Yiuf
  2191 | D:3      | Found a hazy altar of Hepliaklqana.
  2882 | D:3      | Noticed a phantom
  2908 | D:3      | Killed a phantom
  2909 | D:3      | Reached skill level 5 in Short Blades
  2909 | D:3      | Gained mutation: You are mostly covered in sharp spines.
                  | [demonic ancestry]
  2909 | D:3      | Reached XP level 5. HP: 12/38 MP: 8/8
  2912 | D:3      | Learned a level 2 spell: Blink
  3558 | D:4      | Gained mutation: You are mostly covered in thin metallic
                  | scales. (AC +3) [demonic ancestry]
  3558 | D:4      | Reached XP level 6. HP: 29/44 MP: 9/9
  3701 | D:4      | Reached skill level 6 in Short Blades
  3718 | D:4      | Identified the +10 hunting sling of Governance {vorpal, Fly
                  | Dex+3}
  3876 | D:4      | Reached skill level 1 in Slings
  3924 | D:4      | Identified the +0 plate armour of the Arcane {Rampage rF-
                  | rC+ Int+2}
  4169 | D:4      | Found Leosefun's Antique Armour Shoppe.
  4314 | D:5      | Entered Level 5 of the Dungeon
  4517 | D:2      | Killed Crazy Yiuf
  5059 | D:5      | Noticed an ice beast
  5064 | D:5      | Killed an ice beast
  5065 | D:5      | Reached XP level 7. HP: 50/50 MP: 10/10
  5237 | D:5      | Noticed Dowan
  5237 | D:5      | Noticed Duvessa
  5244 | D:5      | Killed Dowan
  5248 | D:5      | Killed Duvessa
  5251 | D:5      | Reached skill level 7 in Short Blades
  5903 | D:6      | Found a staircase to the Ecumenical Temple.
  6045 | D:6      | Gained mutation: You sometimes gain a little power by
                  | taking damage. [demonic ancestry]
  6045 | D:6      | Reached XP level 8. HP: 15/58 MP: 8/11
  6081 | D:6      | Killed from afar by an orc priest

Illustrated notes

Levels and vault maps discovered:
D:1:      ncdulo_wetmaze, layout_rooms, shapermc_ecumenical_altar_gd
D:2:      layout_rooms, serial_curves, eino_curves_02, eino_curves_03,
          grunt_decor_resistance, uniq_jessica, uniq_crazy_yiuf_cottage
D:3:      layout_loops_corners, nicolae_overflow_crystal_walls,
          hangedman_feature_mirror
D:4:      layout_basic, serial_shops, shop, grunt_decor_junction,
          due_unseen_surprise
D:5:      layout_basic, nicolae_elyvilon_peaceful_grove,
          kennysheep_another_room, abandoned_shop, minmay_misc_feat_hallway,
          uniq_duvessa
D:6:      layout_basic, mainiacjoe_overflow_alcove_2, temple_statues,
          serial_curves, eino_curves_01, eino_curves_01, eino_tiny_chamber

Skill      XL: |  1  2  3  4  5  6  7 |
---------------+----------------------+-----
Short Blades   | 2 3 4 5 6 7 |  7.2
Slings         | 2 4 |  4.2
Fighting       | 3 |  3.3
Throwing       | |  0.8
Armour         | |  0.8
Dodging        | |  1.7
Spellcasting   | |  2.0
Translocations | |  2.6

Action                   |  1- 3 |  4- 6 |  7- 9 || total
-------------------------+-------+-------+-------++-------
Melee: Short sword       |    59 |       |       ||    59
       Punch             |     1 |     1 |       ||     2
       Dagger            |    20 |   131 |       ||   151
 Fire: Hunting sling     |       |     4 |    60 ||    64
 Cast: Blink             |       |       |     1 ||     1
 Stab: Sleeping          |       |     2 |       ||     2
Armor: Leather armour    |    17 |    14 |       ||    31
       Scale mail        |       |    15 |     8 ||    23
Dodge: Dodged            |    30 |    49 |     6 ||    85

Table legend: (Time is in decaauts)
 A = Elapsed time spent in this place.
 B = Non-inter-level travel time spent in this place.
 C = Inter-level travel time spent in this place.
 D = Time resting spent in this place.
 E = Time spent auto-exploring this place.
 F = Levels seen in this place.
 G = Mean time per level.
                   A        B        C        D        E       F      G
               +--------+--------+--------+--------+--------+-----+--------+
         Total |   6054 |   5489 |    565 |     80 |   4777 |   6 | 1009.0 |
       Dungeon |   6054 |   5489 |    565 |     80 |   4777 |   6 | 1009.0 |
               +--------+--------+--------+--------+--------+-----+--------+

Top non-repeatable levels by time:
     D:2: 1752 daAuts
     D:3: 1476 daAuts
     D:1: 990 daAuts
     D:5: 843 daAuts
     D:4: 809 daAuts
     D:6: 181 daAuts
